 Dungeon Crawl Stone Soup version 0.30-a0-414-gcb316572d5 (webtiles) character file.

Game seed: 2794195076549204186

57 greasedhog the Trooper (level 4, -1/29 HPs)
             Began as a Gargoyle Cinder Acolyte on Dec 7, 2022.
             Was a High Priest of Ignis.
             Slain by an orc
             ... wielding a +0 flail
              (6 damage)
             ... on level 2 of the Dungeon.
             The game lasted 00:01:58 (1314 turns).

greasedhog the Trooper (Gargoyle Cinder Acolyte)    Turns: 1314, Time: 00:01:59

Health: -1/29      AC:  5    Str: 17    XL:     4   Next: 0%
Magic:  1/5        EV: 11    Int: 15    God:    Ignis [*****.]
Gold:   90         SH:  0    Dex:  7    Spells: 3/5 levels left

rFire   + . .      SeeInvis .    a - -1 mace (flame)
rCold   . . .      Faith    .    (no shield)
rNeg    + . .      Spirit   .    b - +0 robe
rPois   ∞          Reflect  .    (no helmet)
rElec   +          Harm     .    (no cloak)
rCorr   .          Rampage  .    (no gloves)
Will    .....                    (no boots)
Stlth   +.........               (no amulet)
HPRegen 0.24/turn                (no ring)
MPRegen 0.09/turn                (no ring)

@: no status effects
A: sickness immunity, AC +3, negative energy resistance 1, electricity
resistance, torment resistance 1, petrification resistance
a: Renounce Religion, Fiery Armour, Foxfire Swarm, Rising Flame


You were on level 2 of the Dungeon.
You worshipped Ignis.
Ignis was extremely pleased with you.
You visited 1 branch of the dungeon, and saw 2 of its levels.

You collected 90 gold pieces.

Inventory:

Hand Weapons
 a - a -1 mace of flaming (weapon)
Armour
 b - a +0 robe (worn)
Scrolls
 e - 2 scrolls of blinking
 g - a scroll of identify
 i - a scroll of enchant armour {unknown}
 j - a scroll of fear {unknown}
Potions
 c - a potion of magic
 d - a potion of invisibility {unknown}
 f - a potion of resistance


   Skills:
 * Level 4.0 Fighting
 * Level 3.6 Maces & Flails
 * Level 2.0 Armour
 - Level 1.0 Spellcasting
 - Level 3.0 Fire Magic


You had 3 spell levels left.
You knew the following spells:

 Your Spells              Type           Power      Damage    Failure   Level
a - Scorch                Fire           18%        2d5       11%         2

Your spell library contained the following spells:

 Spells                   Type           Power      Damage    Failure   Level


Dungeon Overview and Level Annotations

Branches:
Dungeon (2/15)

Altars:


Innate Abilities, Weirdness & Mutations

You are immune to sickness and miasma.
Your stone body is resilient. (AC +3)
You are immune to poison.
You resist negative energy. (rN+)
You are resistant to electric shocks. (rElec)
You are resistant to unholy torment.
You are immune to petrification.


Message History

You are too injured to fight recklessly!
You are too injured to fight recklessly!
Unknown command.
The orc drinks a potion.
The orc suddenly seems more resistant.
The orc barely misses you. The orc attacks as you move away!
The orc barely misses you.
You are too injured to fight recklessly!
Casting: Scorch (safe; 11% risk of failure)
Confirm with . or Enter, or press ? or * to list all spells.
Flames lash the orc.
The orc is heavily wounded.
The orc's fire resistance burns away.
Unknown command.
You hit the orc but do no damage.
The orc is heavily wounded.
The orc hits you with a +0 flail.
You hit the orc but do no damage.
The orc is heavily wounded.
The orc misses you.
Found 12 gold pieces.
The orc is no longer more vulnerable to fire.
The orc attacks as you move away! The orc hits you with a +0 flail.
The orc attacks as you move away! The orc completely misses you.
You barely miss the orc.
The orc is heavily wounded.
The orc misses you. The orc hits you with a +0 flail.
* * * LOW HITPOINT WARNING * * *
You completely miss the orc.
The orc is heavily wounded.
The orc barely misses you. The orc attacks as you move away!
The orc hits you with a +0 flail.
* * * LOW HITPOINT WARNING * * *
The orc attacks as you move away! The orc barely misses you.
Casting: Scorch (safe; 11% risk of failure)
Confirm with . or Enter, or press ? or * to list all spells.
You don't have enough magic to cast this spell.
The orc attacks as you move away! The orc hits you with a +0 flail.
* * * LOW HITPOINT WARNING * * *
The orc attacks as you move away! The orc hits you with a +0 flail.
You die...

...$...#......##.###.#.#
#######.####.###.# #.#.#
#.####.# #.# #.#.#
#.#.##.# #.###.#.#
#.o[.#.# #.#...#.#
#o..##.###.#.###.#
#...##...........#
#.o.######.#.#####
#.@........#.#
#.....######.# ##.##.#
#.# #.##.# #.# ###.##.#
#.# #......# .#
######.###..# #......#
..# #######
#.####<###.##


You could see 3 orcs.

Vanquished Creatures
  A worm (D:2)
  5 dart slugs
  5 endoplasms
  2 giant cockroaches (D:1)
  5 goblins (D:1)
  2 hobgoblins (D:1)
  3 quokkas (D:1)
  4 ball pythons
  6 bats
  7 frilled lizards (D:2)
  3 rats (D:1)
43 creatures vanquished.

Notes
Turn   | Place    | Note
-------+----------+-------------------------------------------
     0 | D:1      | greasedhog the Gargoyle Cinder Acolyte began the quest for
                  | the Orb.
     0 | D:1      | Reached XP level 1. HP: 14/14 MP: 2/2
    62 | D:1      | Reached XP level 2. HP: 13/19 MP: 3/3
   121 | D:1      | Reached skill level 1 in Armour
   444 | D:1      | Reached XP level 3. HP: 24/24 MP: 4/4
  1098 | D:2      | Learned a level 2 spell: Scorch
  1233 | D:2      | Reached skill level 4 in Fighting
  1243 | D:2      | Reached XP level 4. HP: 28/29 MP: 1/5
  1314 | D:2      | Slain by an orc

Illustrated notes

Levels and vault maps discovered:
D:1:      minmay_arrival_stair_chambers, layout_basic,
          chequers_hall_statues_wall_a
D:2:      layout_loops_ring, kennysheep_path_1, minmay_lizard_pond

Skill      XL: |  1  2  3 |
---------------+----------+-----
Armour         | 1 2 |  2.0
Fighting       | 4 |  4.0
Maces & Flails | |  3.6
Spellcasting   | |  1.0
Fire Magic     | |  3.0

Action                   |  1- 3 |  4- 6 || total
-------------------------+-------+-------++-------
Melee: Mace              |   107 |    12 ||   119
       Punch             |     1 |       ||     1
 Cast: Scorch            |     6 |     2 ||     8
  Use: Scroll            |     4 |       ||     4
Armor: Robe              |    55 |     3 ||    58
Dodge: Dodged            |    93 |    11 ||   104

Table legend: (Time is in decaauts)
 A = Elapsed time spent in this place.
 B = Non-inter-level travel time spent in this place.
 C = Inter-level travel time spent in this place.
 D = Time resting spent in this place.
 E = Time spent auto-exploring this place.
 F = Levels seen in this place.
 G = Mean time per level.
                   A        B        C        D        E       F      G
               +--------+--------+--------+--------+--------+-----+--------+
         Total |   1341 |   1319 |     22 |     32 |   1005 |   2 |  670.5 |
       Dungeon |   1341 |   1319 |     22 |     32 |   1005 |   2 |  670.5 |
               +--------+--------+--------+--------+--------+-----+--------+

Top non-repeatable levels by time:
     D:1: 1081 daAuts
     D:2: 260 daAuts
